 Dungeon Crawl Stone Soup version 0.28.0-53-g5a82cb258f (webtiles) character file.

Game seed: 6748147977399477158

42 Tirrikindir the Ducker (level 3, 21/26 HPs)
             Began as an Octopode Fighter on Aug 19, 2022.
             Was a Follower of Qazlal.
             Got out of the dungeon alive.
             The game lasted 00:03:25 (1400 turns).

Tirrikindir the Ducker (Octopode Fighter)           Turns: 1400, Time: 00:03:26

Health: 21/26      AC:  1    Str: 15    XL:     3   Next: 54%
Magic:  3/3        EV: 13    Int: 10    God:    Qazlal [*.....]
Gold:   30         SH:  6    Dex: 13    Spells: 2/2 levels left

rFire   . . .      SeeInvis .   a - +0 long sword
rCold   . . .      Faith    .   b - +0 buckler
rNeg    . . .      Spirit   .   (helmet restricted)
rPois   .          Reflect  .   (no amulet)
rElec   .          Harm     .   (no ring)
rCorr   .          Rampage  .   (no ring)
Will    .....                   (no ring)
Stlth   +++.......              (no ring)
HPRegen 0.08/turn               (no ring)
MPRegen 0.08/turn               (no ring)
                                (no ring)
                                (no ring)

@: no status effects
A: almost no armour, amphibious, 8 rings, camouflage 1, gelatinous body 1,
(nimble swimmer 1), tentacles
a: Renounce Religion


You escaped.
You worshipped Qazlal.
Qazlal was aware of your devotion.
You visited 1 branch of the dungeon, and saw 2 of its levels.

You collected 30 gold pieces.

Inventory:

Hand Weapons
 a - a +0 long sword (weapon)
 e - a +1 short sword of speed
Missiles
 k - 10 poisoned darts (quivered)
Armour
 b - a +0 buckler (worn)
Scrolls
 d - 2 scrolls of teleportation {unknown}
 i - a scroll of enchant weapon {unknown}
 j - a scroll of identify {unknown}
Potions
 c - a potion of might
 f - a potion of invisibility {unknown}
 g - 2 potions of curing {unknown}
 h - a potion of magic {unknown}


   Skills:
 + Level 3.2 Fighting
 * Level 2.7 Long Blades
 + Level 3.2 Dodging
 + Level 1.6 Stealth
 + Level 3.2 Shields


You had 2 spell levels left.
You didn't know any spells.
Your spell library was empty.

Dungeon Overview and Level Annotations

Branches:
Dungeon (2/15)

Altars:
Qazlal


Innate Abilities, Weirdness & Mutations

You cannot wear most types of armour.
You are amphibious.
You can wear up to eight rings at the same time.
Your skin changes colour to match your surroundings (Stealth+).
Your rubbery body absorbs attacks. (AC +1, EV +1)
((You are camouflaged when in or above water. (Stealth+)))
You have tentacles for arms and can constrict up to eight enemies at once.


Message History

There is a faded altar of an unknown god here.
You cannot tell which god this altar belongs to.
Convert to them anyway?
Qazlal accepts your prayer! Qazlal welcomes you!
Qazlal grants you and your divine allies immunity to clouds.
You are now surrounded by a storm.
You barely miss the hobgoblin. Your grab misses the hobgoblin.
The hobgoblin hits you.
You hit the hobgoblin.
You kill the hobgoblin!
Qazlal accepts your kill.
k - 10 poisoned darts (gained 6);
g - 2 silvery potions (gained 1)
You see here a hobgoblin corpse.
(D) Dungeon
Where to? (Enter - D:1 @ (x,y), ? - help)
What level of the Dungeon? (default 1, ? - help)
There is an open door here.
A giant cockroach comes into view.
Things that are here:
a +2 dagger of holy wrath; a goblin corpse The giant cockroach closely misses you.
You closely miss the giant cockroach. You grab the giant cockroach.
You constrict the giant cockroach. You block the giant cockroach's attack.
The giant cockroach misses you.
You hit the giant cockroach.
You kill the giant cockroach!
Qazlal accepts your kill.
(D) Dungeon
Where to? (Enter - D:1 @ (x,y), ? - help)
A hobgoblin comes into view.
(D) Dungeon
Where to? (Enter - D:1 @ (x,y), ? - help)
(D) Dungeon
Where to? (Enter - D:1 @ (x,y), ? - help)
There is an escape hatch in the ceiling here.
A mysterious force pulls you upwards. The hatch slams shut behind you.
There is a staircase leading out of the dungeon here.
You can't go down here!
Are you sure you want to leave the Dungeon?
This will make you lose the game!
You have escaped!

#..# ##...≈..#...#...##.......
#..# ##...≈..≈...#..##.....##
#..# #.##.≈≈≈≈≈....###.....##
#..# ##.#.≈≈≈≈≈≈.≈.# ###.####
#..# #.....≈≈≈≈.≈#.# #.# # #..#
##.≈≈≈≈≈≈≈≈≈### #.# #..#
#.≈≈≈≈≈≈≈≈..# #.# #..#
###.≈≈≈...≈.≈≈#### #.# #..#
#..≈≈≈.≈@≈.≈≈.#..###.#
#..####.#.≈.≈≈☼.≈≈≈.#...##.####
#.....#)#..≈≈≈.≈≈≈..#...##.#...
##....###.≈≈≈≈≈≈≈≈≈.###....#.##
#######....≈≈≈≈≈....#######.#
#≈..≈.≈≈≈≈≈≈...#######.#
##≈≈≈..≈.≈≈....##......##
#..≈≈≈....#...###.......
#..≈≈≈.#..##...#..#.....


There were no monsters in sight!

Vanquished Creatures
  An adder (D:2)
  A dart slug (D:1)
  2 ball pythons
  5 bats (D:1)
  3 endoplasms (D:1)
  2 giant cockroaches
  3 goblins
  4 hobgoblins
  A quokka (D:2)
  2 kobolds (D:1)
  5 rats
29 creatures vanquished.

Vanquished Creatures (others)
  A demonic plant (D:2)
1 creature vanquished.

Grand Total: 30 creatures vanquished

Notes
Turn   | Place    | Note
-------+----------+-------------------------------------------
     0 | D:1      | Tirrikindir the Octopode Fighter began the quest for the
                  | Orb.
     0 | D:1      | Reached XP level 1. HP: 16/16 MP: 1/1
   261 | D:1      | Reached XP level 2. HP: 21/21 MP: 2/2
   314 | D:1      | Reached skill level 1 in Stealth
   643 | D:1      | Reached XP level 3. HP: 26/26 MP: 3/3
  1308 | D:2      | Found a faded altar of an unknown god.
  1308 | D:2      | Noticed a hellwing
  1322 | D:2      | Prayed at the altar of an unknown god.
  1322 | D:2      | Became a worshipper of Qazlal Stormbringer
  1322 | D:2      | Reached * piety under Qazlal
  1400 | D:$      | Got out of the dungeon alive.

Illustrated notes

Levels and vault maps discovered:
D:1:      dpeg_arrival_subterranean_lakeside_camping, layout_loops_ring,
          kennysheep_boxes
D:2:      layout_basic, dreamdust_ecumenical_altar_sealed_demon

Skill      XL: |  1  2 |
---------------+-------+-----
Stealth        | 1 |  1.6
Fighting       | |  3.2
Long Blades    | |  2.7
Dodging        | |  3.2
Shields        | |  3.2

Action                   || total
-------------------------++-------
Melee: Long sword        ||    49
       Constrict         ||    13
       Tentacles         ||     6
 Stab: Sleeping          ||     9
Armor: Skin              ||     4
Dodge: Dodged            ||    26
Block: Buckler           ||    11
